AoeStats
← Axolot

Socotra

505305147Analyzed
2v2 RM · 23d ago on Sep 8, 2026· 17m 59s· 4 players
Game mode
Random Map
Map size
Tiny (2 player)
Population
200
Speed
Normal
Resources
Standard
Victory
Conquest
Starting age
Dark Age
Ending age
Imperial Age
RankedLock teamsTeams togetherTeam positionsShared explorationLock speedFull tech treeHidden civsTurbo modeCheats
Victory
Defeat
🇦🇷 Dravidians · Argentina
1499
+15
🇦🇷 Goths · Argentina
1473
+16
🇲🇼 Georgians · Malawi
1527
-18
🇬🇧 Khmer · United Kingdom
1409
-13
Tommerd
4:17 Loom
11:40 Feudal Age
ILoveOrangeJelly
6:08 Loom
10:42 Feudal Age
12:05 Double-Bit Axe
15:29 Fletching
Dino_Mate
7:17 Loom
9:57 Feudal Age
9:59 Man-at-Arms
10:27 Double-Bit Axe
14:05 Fletching
16:13 Arson
18:49 Wheelbarrow
Axolot
0:47 Loom
11:24 Feudal Age
11:33 Man-at-Arms
14:27 Double-Bit Axe
15:38 Wheelbarrow
15:55 Horse Collar
16:57 Forging
17:06 Scale Mail Armor
Connection lost

Rejoining the realm…

Still unreachable

The connection could not be restored.

Session expired

The server has moved on; the page needs a fresh start.